AoeStats
← goatknobs

Arena

510933571Analyzed
2v2 RM · 6h ago on Oct 3, 2026· 41m 52s· 4 players
Game mode
Random Map
Map size
Medium (4 player)
Population
200
Speed
Normal
Resources
Standard
Victory
Conquest
Starting age
Dark Age
Ending age
Imperial Age
RankedLock teamsTeams togetherTeam positionsShared explorationLock speedFull tech treeHidden civsTurbo modeCheats
Victory
Defeat
🇲🇽 Spanish · Mexico
1067
+15
🇺🇸 Saxons · United States
1006
+18
🇨🇳 Franks · China
1137
-20
🇨🇳 Danes · China
956
-13
怀旧型夏露露
5:12 Loom
10:30 Feudal Age
14:16 Castle Age
12:27 Double-Bit Axe
26:07 Fletching
31:23 Bodkin Arrow
33:31 Gold Mining
36:11 Bow Saw
36:32 Stone Mining
37:37 Padded Archer Armor
37:22 Elite Skirmisher
41:10 Imperial Age
38:58 Husbandry
39:06 Scale Barding Armor
39:21 Husbandry
40:07 Wheelbarrow
40:04 Husbandry
40:16 Forging
42:05 Chain Barding Armor
41:18 Cavalier
Nanoha
4:42 Loom
10:53 Feudal Age
15:53 Double-Bit Axe
18:45 Castle Age
17:10 Horse Collar
23:38 Stone Mining
24:01 Bow Saw
26:03 Masonry
26:39 Scale Mail Armor
26:32 Fletching
27:10 Murder Holes
27:46 Elite Skirmisher
29:13 Bodkin Arrow
30:28 Squires
30:15 Gambesons
30:31 Gold Mining
31:50 Chain Mail Armor
31:36 Padded Archer Armor
32:54 Ballistics
32:33 Guard Tower
37:48 Imperial Age
36:42 Forging
Kasquito 07
3:09 Loom
10:30 Feudal Age
14:43 Castle Age
13:37 Stone Mining
19:50 Double-Bit Axe
28:06 Wheelbarrow
36:11 Imperial Age
34:23 Horse Collar
36:12 Bow Saw
37:46 Conscription
goatknobs
7:32 Loom
11:04 Feudal Age
12:28 Loom
15:39 Castle Age
13:59 Double-Bit Axe
14:03 Horse Collar
15:10 Fletching
15:26 Padded Archer Armor
16:58 Bodkin Arrow
16:29 Crossbowman
19:01 Wheelbarrow
18:12 Town Watch
24:21 Bodkin Arrow
25:17 Hand Cart
26:46 Thumb Ring
28:08 Gold Mining
28:24 Heavy Plow
29:28 Town Patrol
29:56 Scale Mail Armor
30:06 Forging
30:01 Gambesons
30:30 Squires
33:34 Imperial Age
30:46 Pikeman
32:18 Chain Mail Armor
32:21 Leather Archer Armor
33:20 Bow Saw
33:37 Devotion
34:50 Iron Casting
33:50 Shield Wall
34:02 Halberdier
36:00 Hoardings
35:55 Conscription
36:44 Two-Man Saw
35:19 Arbalester
36:42 Crop Rotation
36:44 Ballistics
36:35 Masonry
37:59 Chemistry
37:10 Bracer
39:50 Architecture
39:38 Gambesons
40:27 Plate Mail Armor
40:27 Ring Archer Armor
40:37 Hoardings
41:20 Arson
Connection lost

Rejoining the realm…

Still unreachable

The connection could not be restored.

Session expired

The server has moved on; the page needs a fresh start.